slayhack, chaotic female human Rogue ---------- #####.)........# ------- ------- ----- # |........|# |......|####-.....| |....## |........|# |......|# |<....| |...|### |........|# |......|# #|.`...| |>...### ........|# |.......%###|.....| -.--- ----- # |......|####...M..| # # ----.---# ---@--- ### ####### `############ ## # # # # ###%### # ### -----------.--- # # |..............########### ### |...........[.| #------- -.------ |..%...........###[###......-#######|......| |.............| #|.....| #-......| |..........%..| #|.^...| |......| --------------- #|.....| |......| ----- -------- slayhack the Rogue Experience level: 9 Strength: 16 Dexterity: 18 Constitution: 17 Intelligence: 11 Wisdom: 11 Charisma: 8 Health: 0(75) Energy: 32(32) Def: 13 Gold: 0 Moves: 7236 Dungeon seed: CBR07RG5t91PnWwG Game ID: slayhack_1476715299 Your Inventory: Weapons a - 2 uncursed +0 elven daggers (wielded) b - 11 uncursed +0 daggers (in quiver) Armor n - an uncursed +0 elven cloak (being worn) H - a blessed thoroughly rusty +2 Uruk-hai shield (being worn) N - an uncursed +0 dwarvish iron helm (being worn) Q - an uncursed +0 pair of elven boots (being worn) Z - a blessed +2 elven mithril-coat (being worn) Comestibles w - an uncursed lizard corpse Wands c - an uncursed wand of digging (0:4) x - an uncursed wand of teleportation (0:7) Tools k - an uncursed lock pick B - an uncursed bag of holding K - an uncursed +0 unicorn horn W - a blessed magic lamp (lit) Contents of the bag of holding: 5598 gold pieces 13 uncursed +0 daggers a cursed -1 dagger an uncursed +0 dwarvish cloak an uncursed +0 pair of iron shoes an uncursed +0 pair of leather gloves an uncursed +1 small shield an uncursed +0 small shield 2 uncursed K-rations an uncursed candy bar 6 uncursed food rations 17 uncursed lumps of royal jelly an uncursed sprig of wolfsbane 3 uncursed tripe rations an uncursed scroll of blank paper an uncursed scroll of create monster 2 uncursed scrolls of enchant weapon 2 uncursed scrolls of identify a blessed scroll of magic mapping a cursed potion of fruit juice an uncursed potion of gain ability an uncursed potion of healing an uncursed potion of object detection an uncursed potion of speed an uncursed potion of water a cursed ring of hunger a cursed -1 ring of increase accuracy an uncursed ring of shock resistance an uncursed ring of teleportation an uncursed wand of light (0:14) an uncursed wand of polymorph (0:3) a blessed can of grease (0:9) an uncursed can of grease (0:7) an uncursed magic lamp an uncursed mirror an uncursed sack an uncursed sack an uncursed tallow candle (0:200) a blessed wax candle (0:400) 2 uncursed worthless pieces of black glass 2 uncursed worthless pieces of blue glass an uncursed worthless piece of green glass an uncursed worthless piece of orange glass an uncursed worthless piece of yellowish brown glass Spells and supernatural/magical abilities: Name Level Category Fail Memory W - pray for help -- divine ? -- Your skills at the end: Fighting Skills Weapon Skills dagger [Expert] short sword [Basic] Spellcasting Skills Final Attributes: You were piously aligned. You were telepathic. You were stealthy. You are dead. Vanquished creatures: a queen bee a water elemental a xan a troll a wood golem a pyrolisk a large cat a tengu a human mummy a leather golem 4 soldiers a giant beetle a lynx 13 leprechauns 2 orc-captains 3 giant spiders a scorpion 2 gnome kings a rust monster a yeti a lizard 2 jaguars a gray unicorn a snake 5 soldier ants 7 bugbears a mountain nymph 3 Mordor orcs 5 Uruk-hai 2 orc shamans a rock piercer 3 rock moles 3 yellow lights 8 gnome lords 4 gnomish wizards 3 gray oozes an elf zombie 2 straw golems a paper golem a giant ant a little dog 2 floating eyes a kitten 6 dwarves a kobold lord a kobold shaman 3 hill orcs 6 rothes a rabid rat a centipede a monkey 3 orc zombies a wererat a werejackal 3 iguanas 29 killer bees an acid blob 6 hobbits 2 manes 2 large kobolds 10 hobgoblins 2 giant rats 2 brown molds a yellow mold a red mold 20 gnomes 3 geckos 5 jackals 2 foxes a kobold 3 goblins 5 sewer rats 2 grid bugs 2 lichens 4 newts 229 creatures vanquished. Voluntary challenges: You had been an atheist until turn 2092. You used a wielded weapon 293 times, starting on turn 107. You read items or engraved 2 times, starting on turn 4964. You never genocided any monsters. You never polymorphed an object. You never changed form. You used no wishes. You never split a pudding. You wrote Elbereth's name 2 times, starting on turn 4964. You never violated your personal moral code. Dungeon overview: The Dungeons of Doom: levels 1 to 17 Level 1 a sink a long staircase Level 2 an armor shop Level 3 Level 4 stairs to The Gnomish Mines Level 5 an altar to Issek Level 6 Level 7 (soldier ants above) a sink Level 8 Level 9 Level 10 a general store stairs to Sokoban Level 11 a throne Level 12 a fountain Level 13 a fountain, a throne Level 14 (invis lep + lep) a fountain, a sink Level 15 Level 16 (quest) <- You were here portal to The Quest Level 17 The Gnomish Mines: levels 5 to 7 Level 5 stairs to The Dungeons of Doom Level 6 (housecat) Level 7 some shops, a temple to Issek, some fountains The Quest: Level 1 portal to The Dungeons of Doom Sokoban: Level 9 stairs to The Dungeons of Doom History has recorded: On T:1 you entered the Dungeons of Doom to retrieve the Amulet of Yendor! On T:146 you reached level 2 of The Dungeons of Doom. On T:416 you reached level 3 of The Dungeons of Doom. On T:730 you advanced to experience level 2. On T:808 you reached level 4 of The Dungeons of Doom. On T:1045 you reached level 1 of The Gnomish Mines. On T:1067 you advanced to experience level 3. On T:1098 you advanced to experience level 4. On T:1238 you reached level 2 of The Gnomish Mines. On T:1262 you advanced to experience level 5. On T:1687 you advanced to experience level 6. On T:1739 you reached level 3 of The Gnomish Mines. On T:2533 you reached level 5 of The Dungeons of Doom. On T:2698 you advanced to experience level 7. On T:2783 you reached level 6 of The Dungeons of Doom. On T:3057 you reached level 7 of The Dungeons of Doom. On T:3545 you reached level 8 of The Dungeons of Doom. On T:3573 you reached level 9 of The Dungeons of Doom. On T:3898 you reached level 10 of The Dungeons of Doom. On T:3970 you reached level 11 of The Dungeons of Doom. On T:3994 you reached level 4 of Sokoban. On T:4405 you reached level 12 of The Dungeons of Doom. On T:4601 you advanced to experience level 8. On T:5284 you reached level 13 of The Dungeons of Doom. On T:5335 you reached level 14 of The Dungeons of Doom. On T:5687 you reached level 15 of The Dungeons of Doom. On T:5691 you advanced to experience level 9. On T:6784 you reached level 16 of The Dungeons of Doom. On T:6844 you reached level 1 of The Quest. On T:6894 you reached level 17 of The Dungeons of Doom. Score breakdown: Gold: 5598 (12749 points) Experience: 9 levels (15756 points) Exploration: 17 levels ( 36.17%) (17693 points) Discoveries: 15 items ( 5.03%) ( 6730 points) Valuables value: (no points given unless you survive) Artifact value: 0 ( 0 points) Variety of kills: 75 monsters ( 19.69%) (13310 points) Turncount: 7236 turns (-1900 points) Survival: died (score multiplied by 80%) Total score: 51470 Latest messages: You have a little trouble lifting b - 3 uncursed +0 daggers (in quiver). Your movements are slowed slightly because of your load. There are several objects here. You have a little trouble lifting e - a small shield. You put a small shield into the bag called holding. You hear someone counting money. The door resists! (2x) The door opens. You stop searching. The giant mummy just misses! The giant mummy hits! The dagger hits the giant mummy. The giant mummy hits! (3x) You die... The sack is empty. (2x) The sack is empty. (2x) Final status: Goodbye slayhack the Rogue, killed by a giant mummy... You died in The Dungeons of Doom on dungeon level 16 with 51470 points, and 5598 pieces of gold, after 7236 moves. You were level 9 with a maximum of 75 hit points when you died.